 Dungeon Crawl Stone Soup version 0.13-a0-2116-g5cefd36 (webtiles) character file.

77844 Meatballs the Executioner (level 15, -9/130 HPs)
             Began as a Hill Orc Fighter on June 27, 2013.
             Was the Champion of Okawaru.
             Shot with an arrow of flame by a centaur warrior (15 damage)
             ... on Level 14 of the Dungeon.
             The game lasted 02:08:38 (22952 turns).

Meatballs the Executioner (Hill Orc Fighter)       Turns: 22952, Time: 02:08:39

HP  -9/130       AC 28     Str 25      XL: 15   Next: 54%
MP  35/35        EV 13     Int  9      God: Okawaru [******]
Gold 1947        SH  0     Dex 13      Spells:  2 memorised, 10 levels left

Res.Fire  : . . .   See Invis. : +   R - +3,+2 executioner's axe (venom)
Res.Cold  : . . .   Warding    : .   C - +8 chain mail "Bruckeot" {+Rage}
Life Prot.: + . .   Conserve   : .   (no shield)
Res.Poison: +       Res.Corr.  : .   q - +0 helmet
Res.Elec. : .       Clarity    : .   L - +1 cloak {rPois}
Sust.Abil.: . .     Spirit.Shd : .   u - +2 pair of dwarf gloves {Dex+3}
Res.Mut.  : +       Stasis     : .   (no boots)
Res.Rott. : .       Flight     : .   r - amulet of Dovvadap {rMut rN+ SInv}
Saprovore : + . .                    Z - ring of magical power
                                     l - +5 ring of evasion

@: somewhat resistant to hostile enchantments, extremely unstealthy
A: saprovore 1
a: Heroism, Finesse, Renounce Religion, Evoke Berserk Rage


You were on level 14 of the Dungeon.
You worshipped Okawaru.
Okawaru was exalted by your worship.
You were not hungry.

You visited 4 branches of the dungeon, and saw 27 of its levels.
You also visited: Volcano.

You collected 2673 gold pieces.
You spent 746 gold pieces at shops.

Inventory:

Hand weapons
 h - a +1,+1 broad axe of flaming
 K - a +2,+3 battleaxe
 R - a +3,+2 executioner's axe of venom (weapon)
Armour
 q - a +0 helmet (worn)
 s - a +0 cloak
 u - a +2 pair of dwarven gloves of dexterity (worn)
 C - the +8 chain mail "Bruckeot" (worn) {+Rage}
   (You found it on level 4 of the Dungeon)

   It lets you go berserk.
 L - a +1 cloak of poison resistance (worn)
 O - a +0 cloak of magic resistance
Magical devices
 a - a wand of cold (5)
 b - a wand of digging (4)
 f - a wand of lightning (0)
 g - a wand of random effects (8) {unknown}
 m - a wand of cold (3)
 o - a wand of digging (17)
 G - a wand of cold (1)
 J - a wand of draining (9)
 N - a wand of polymorph (0) {unknown}
 U - a wand of random effects (8) {unknown}
Comestibles
 k - 4 meat rations
 A - 2 bread rations
 B - a lychee
 E - a pear
 P - a sausage
 X - 12 honeycombs
Scrolls
 d - 3 scrolls of identify
 j - 2 scrolls of teleportation
 n - 2 scrolls of remove curse
 t - a scroll of fear
 x - a scroll of magic mapping
 D - a scroll of fog
 H - a scroll of blinking
Jewellery
 i - an uncursed amulet of warding
 l - a +5 ring of evasion (left hand)
 r - the amulet of Dovvadap (around neck) {rMut rN+ SInv}
   (You found it on level 5 of the Lair of Beasts)

   [amulet of resist mutation]

   It protects you from negative energy.
   It enhances your eyesight.
 Z - a ring of magical power (right hand)
Potions
 c - 2 potions of might
 p - a potion of invisibility
 v - 2 potions of flight
 w - 3 potions of heal wounds
 I - 2 potions of restore abilities
 S - 2 potions of agility
 T - 2 potions of speed
 W - 3 potions of curing
Books
 e - a Necronomicon {highlevel}

   This book is beyond your current level of understanding.

   Spells                             Type                      Level
   Borgnjor's Revivification          Necromancy                   7
   Haunt                              Necromancy/Summoning         7
   Death's Door                       Charms/Necromancy            8
   Necromutation                      Transmutation/Necromancy     8


   Skills:
 - Level 13.0 Fighting
 - Level 26.0 Axes
 + Level 13.0 Armour
   Level 3.2 Shields
 + Level 3.8 Traps
 - Level 6.5 Invocations
 - Level 8.0 Evocations


You had 10 spell levels left.
You knew the following spells:

 Your Spells              Type           Power        Failure   Level  Hunger
a - Blink                 Tloc           N/A          99%         2    ###....
b - Repel Missiles        Chrm/Air       #.........   99%         2    ###....


Dungeon Overview and Level Annotations

Branches:
Dungeon (14/27)            Temple (1/1) D:5             Orc (4/4) D:11
   Lair (8/8) D:13         Shoals (0/5) Lair:3        Snake (0/5) Lair:6
  Slime (0/6) Lair:8
    Elf: Orc:3-4

Altars:
Ashenzari
Cheibriados
Elyvilon
Fedhas
Kikubaaqudgha
Makhleb
Nemelex Xobeh
Okawaru
Sif Muna
Trog
Vehumet
Xom
Yredelemnul
Zin
the Shining One
Beogh

Shops:
D:5: ? D:6: ( Orc:1: ! Orc:3: =

Annotations
Lair:1 exclusion: 2 oklob plants


Innate Abilities, Weirdness & Mutations

You can tolerate rotten meat.


Message History

The centaur shoots an arrow.
The arrow hits you!
The centaur warrior shoots an arrow of flame.
The arrow of flame hits you!
* * * LOW HITPOINT WARNING * * *
You see here 2 arrows.
Read which item? (? for menu, Esc to quit)
As you read the scroll of fog, it crumbles to dust.
The scroll dissolves into smoke.
The centaur shoots an arrow.
The arrow hits you!
* * * LOW HITPOINT WARNING * * *
The centaur warrior shoots an arrow of flame.
The arrow of flame hits you!
* * * LOW HITPOINT WARNING * * *
The centaur shoots an arrow.
The arrow misses you.
The centaur warrior unwields an uncursed runed bow.
The centaur warrior hits you but does no damage.
The centaur shoots an arrow.
The arrow misses you.
The centaur warrior shoots an arrow of flame.
The arrow of flame hits you!
You die...

### ###..##
##.....#### ##
#......#..
#####.
#....c§..#
.......
#....c§#.#...
...#.. #..
#§@§§#... #..
#..##§##.......
#.....
#.#(§....c...
......
#c.(.........
......
##...(.........
.....
#.....(........
....
##.(.(.........
.##
##....#.......
#.....##.......


You could see 2 centaur warriors and 2 centaurs.

Vanquished Creatures
  Nikola (D:14)
  An orc warlord (Orc:3)
  A dragon (Lair:8)
  Fannar (D:13)
  Harold (Lair:1)
  Josephine (Orc:3)
  8 hydras
  3 death yaks (Lair:5)
  A wolf spider zombie (D:14)
  An orc high priest (Orc:3)
  3 orc knights
  Pikel (D:5)
  4 hill giants
  A hydra zombie (D:12)
  A cyclops (D:13)
  An orc sorcerer (Orc:3)
  8 black mambas
  3 elephant slugs
  21 elephants
  8 spiny frogs
  A hill giant zombie (D:14)
  8 ugly things (D:13)
  Grinder (D:5)
  A hill giant skeleton (D:8)
  7 komodo dragons
  6 polar bears (Lair:8)
  6 basilisks
  17 blink frogs
  2 trolls
  11 grizzly bears (Lair:8)
  A wraith (D:12)
  2 wyverns
  14 wolves
  35 yaks
  Grum (Orc:2)
  10 hippogriffs
  3 fire drakes
  2 steam dragons (Lair:8)
  2 mottled dragons (Lair:8)
  A manticore (D:9)
  5 vampire mosquitoes
  7 ice beasts
  28 orc warriors
  18 porcupines
  7 sky beasts
  A slave (D:5)
  A yellow wasp (D:9)
  A manticore skeleton (D:11)
  5 black bears (Lair:8)
  A phantom (D:13)
  2 giant goldfish (Lair:4)
  A hippogriff zombie (D:13)
  A troll zombie (D:13)
  9 ogres
  2 swamp drakes (Lair:8)
  15 centaurs
  A hippogriff skeleton (D:8)
  3 boring beetles
  A yak skeleton (D:12)
  4 big kobolds
  5 nagas (Lair:6)
  10 crocodiles
  5 giant slugs
  2 wargs
  A gnoll sergeant (D:11)
  15 giant frogs
  Blork the orc (D:5)
  6 agate snails
  10 water moccasins
  A centaur skeleton (D:11)
  A jellyfish (Lair:4)
  22 killer bees
  2 eyes of draining
  7 wights
  A sky beast zombie (D:12)
  4 electric eels (Lair:4)
  A big kobold skeleton (D:11)
  6 crimson imps
  5 goliath beetles
  2 mottled dragon zombies
  An ogre skeleton (D:8)
  A quasit (D:11)
  5 big fish (Lair:4)
  28 orc priests
  Crazy Yiuf (D:5)
  6 scorpions
  9 worker ants
  12 hounds
  9 iguanas
  27 orc wizards
  5 sheep (Lair:8)
  7 jellies
  A mummy (D:12)
  51 green rats
  8 gnolls
  A scorpion zombie (D:8)
  5 giant centipedes
  27 adders
  5 giant mites
  4 worms
  A bat zombie (D:5)
  A giant eyeball (D:10)
  A giant gecko (D:11)
  6 oozes
  141 orcs
  26 bats
  3 giant cockroaches
  22 hobgoblins
  9 jackals
  32 kobolds
  9 quokkas
  2 ball pythons
  8 giant newts
  16 goblins
  2 goblin zombies
  A hobgoblin skeleton (Orc:3)
  A hobgoblin zombie (Orc:3)
  A jackal zombie (D:6)
  2 orc skeletons (Orc:3)
  An orc zombie (Orc:3)
  13 rats
  2 ballistomycetes (D:6)
  9 fungi
  7 plants
950 creatures vanquished.

Vanquished Creatures (others)
  A blink frog (Lair:5)
  An orc priest (Orc:2)
  An orc wizard (D:9)
  4 orcs (Orc:2)
  A quokka (Lair:6)
  A giant spore (D:6)
  An orc skeleton (D:5)
  A fungus (Lair:1)
  2 plants
13 creatures vanquished.

Grand Total: 963 creatures vanquished

Notes
Turn   | Place    | Note
--------------------------------------------------------------
     0 | D:1      | Meatballs, the Hill Orc Fighter, began the quest for the Orb.
     0 | D:1      | Reached XP level 1. HP: 19/19 MP: 0/0
   116 | D:1      | Reached XP level 2. HP: 20/26 MP: 1/1
   223 | D:1      | Reached skill level 4 in Axes
   411 | D:1      | Reached XP level 3. HP: 26/33 MP: 2/2
   672 | D:2      | Reached skill level 5 in Axes
   678 | D:2      | Reached XP level 4. HP: 17/39 MP: 3/3
   689 | D:2      | HP: 1/39 [gnoll/club (3)]
  1062 | D:2      | Reached skill level 6 in Axes
  1388 | D:2      | Found a basalt altar of Yredelemnul.
  1388 | D:2      | Found an ancient bone altar of Kikubaaqudgha.
  1666 | D:3      | Reached XP level 5. HP: 44/46 MP: 4/4
  1754 | D:3      | Reached skill level 7 in Axes
  2500 | D:3      | Reached skill level 8 in Axes
  2509 | D:3      | Reached XP level 6. HP: 49/52 MP: 5/5
  2765 | D:4      | Got a brightly glowing chain mail
  2781 | D:4      | Identified the +8 chain mail "Bruckeot" {+Rage} (You found it on level 4 of the Dungeon)
  3067 | D:5      | Entered Level 5 of the Dungeon
  3103 | D:5      | Found a staircase to the Ecumenical Temple.
  3114 | Temple   | Entered the Ecumenical Temple
  3156 | Temple   | Became a worshipper of Warmaster Okawaru
  3287 | D:5      | Found Brapun's Magic Scroll Shoppe.
  3302 | D:5      | Bought a scroll of fear for 49 gold pieces
  3302 | D:5      | Bought a scroll of enchant armour for 77 gold pieces
  3302 | D:5      | Bought a scroll of fog for 28 gold pieces
  3305 | D:5      | Noticed Grinder
  3323 | D:5      | Paralysed by Grinder for 4 turns
  3740 | D:6      | Found Broust's Weapon Shop.
  3768 | D:6      | Reached skill level 9 in Axes
  3768 | D:6      | Reached XP level 7. HP: 34/59 MP: 6/6
  4038 | D:7      | Reached skill level 10 in Axes
  4321 | D:8      | Reached skill level 11 in Axes
  4428 | D:8      | Noticed a hippogriff
  4443 | D:8      | Killed a hippogriff
  4443 | D:8      | Acquired Okawaru's first power
  4443 | D:8      | Reached XP level 8. HP: 60/66 MP: 7/7
  4483 | D:8      | Reached skill level 12 in Axes
  4717 | D:8      | Reached skill level 13 in Axes
  4945 | D:8      | Reached XP level 9. HP: 72/72 MP: 8/8
  5020 | D:8      | Reached skill level 14 in Axes
  5054 | D:8      | Noticed a wyvern
  5058 | D:8      | Killed a wyvern
  5437 | D:7      | Reached skill level 15 in Axes
  5687 | D:5      | Noticed Blork the orc
  5697 | D:5      | Killed Blork the orc
  5832 | D:5      | Noticed Pikel
  5856 | D:5      | Killed Pikel
  5856 | D:5      | Reached XP level 10. HP: 70/79 MP: 7/9
  5868 | D:5      | Noticed Crazy Yiuf
  5877 | D:5      | Killed Crazy Yiuf
  6058 | D:5      | Found a glowing golden altar of the Shining One.
  6072 | D:5      | Killed Grinder
  6072 | D:5      | Reached skill level 16 in Axes
  6313 | D:9      | Paralysed by a yellow wasp for 1 turns
  6571 | D:9      | Reached skill level 17 in Axes
  6952 | D:10     | Entered Level 10 of the Dungeon
  6974 | D:10     | Acquired Okawaru's second power
  7015 | D:10     | Reached skill level 18 in Axes
  7182 | D:10     | Paralysed by a giant eyeball for 4 turns
  7324 | D:10     | Noticed a hill giant
  7333 | D:10     | Killed a hill giant
  7333 | D:10     | Reached skill level 19 in Axes
  7333 | D:10     | Reached XP level 11. HP: 61/84 MP: 7/10
  7630 | D:10     | Identified a scroll of acquirement
  7748 | D:11     | Noticed a hill giant
  7762 | D:11     | Killed a hill giant
  7806 | D:11     | Noticed a hill giant
  7816 | D:11     | Killed a hill giant
  7816 | D:11     | Reached skill level 20 in Axes
  7847 | D:11     | Found a staircase to the Orcish Mines.
  7864 | D:11     | Reached skill level 1 in Evocations
  8262 | D:11     | Got a pair of fine gloves
  8265 | D:11     | Identified the +1 pair of gloves of Limited Liability {Stlth+} (You found it on level 11 of the Dungeon)
  8281 | D:11     | Reached skill level 1 in Invocations
  9021 | D:12     | Reached skill level 5 in Evocations
  9051 | D:12     | Received a gift from Okawaru
  9051 | D:12     | Reached skill level 5 in Invocations
  9386 | D:13     | Noticed Fannar
  9758 | D:13     | Found a radiant altar of Vehumet.
 10306 | D:13     | Killed Fannar
 10306 | D:13     | Reached XP level 12. HP: 89/92 MP: 20/22
 10438 | D:13     | Noticed a hill giant
 10457 | D:13     | Killed a hill giant
 10471 | D:13     | Received a gift from Okawaru
 10471 | D:13     | Reached skill level 21 in Axes
 10474 | D:13     | Got a pair of dazzling boots {god gift}
 10478 | D:13     | Identified the +1 pair of boots of Thraankor {Dex+2 Int+2 Acc-3} (Okawaru gifted it to you on level 13 of the Dungeon)
 10779 | D:13     | Found a staircase to the Lair.
 10793 | Lair:1   | Entered Level 1 of the Lair of Beasts
 11058 | Lair:1   | Found a basalt altar of Yredelemnul.
 11492 | Lair:1   | Noticed Harold
 11507 | Lair:1   | Killed Harold
 11603 | Lair:1   | Noticed a five-headed hydra
 11607 | Lair:1   | Killed a five-headed hydra
 11607 | Lair:1   | Reached skill level 22 in Axes
 12747 | Lair:2   | Reached skill level 23 in Axes
 12923 | Lair:3   | Found a staircase to the Shoals.
 13000 | Lair:3   | Noticed an eight-headed hydra
 13004 | Lair:3   | Killed an eight-headed hydra
 13004 | Lair:3   | Received a gift from Okawaru
 13004 | Lair:3   | Reached XP level 13. HP: 97/97 MP: 24/24
 13039 | Lair:3   | Noticed a seven-headed hydra
 13050 | Lair:3   | Killed a seven-headed hydra
 13050 | Lair:3   | Reached skill level 24 in Axes
 14272 | Lair:4   | Noticed a seven-headed hydra
 14327 | Lair:5   | Received a gift from Okawaru
 14392 | Lair:5   | Reached skill level 25 in Axes
 14577 | Lair:5   | Noticed a four-headed hydra
 14749 | Lair:1   | Learned a level 2 spell: Blink
 14752 | Lair:1   | Learned a level 2 spell: Repel Missiles
 14833 | Orc:1    | Entered Level 1 of the Orcish Mines
 14918 | Orc:2    | Noticed Grum
 14933 | Orc:2    | Killed Grum
 15393 | Orc:1    | Found Fyqao's Distillery.
 15450 | Orc:1    | Bought a potion of cure mutation for 420 gold pieces
 15450 | Orc:1    | Bought a potion of resistance for 84 gold pieces
 15450 | Orc:1    | Bought a potion of curing for 24 gold pieces
 15450 | Orc:1    | Bought a potion of heal wounds for 36 gold pieces
 15885 | Orc:4    | Entered Level 4 of the Orcish Mines
 16149 | Orc:3    | Found Lyoday's Jewellery Boutique.
 16172 | Orc:3    | Bought a cursed ring of hunger for 28 gold pieces
 16198 | Orc:3    | Noticed Josephine
 16208 | Orc:3    | Killed Josephine
 16387 | Orc:3    | Noticed an orc warlord
 16401 | Orc:3    | Killed an orc warlord
 16409 | Orc:3    | Reached skill level 26 in Axes
 16426 | Orc:3    | Reached skill level 5 in Armour
 16737 | Orc:3    | Reached skill level 5 in Fighting
 16870 | Orc:3    | Found a roughly hewn altar of Beogh.
 17179 | Orc:4    | Paralysed by an orc sorcerer for 3 turns
 17182 | Orc:4    | Noticed an orc warlord
 17596 | Lair:4   | Killed a one-headed hydra
 17596 | Lair:4   | Reached XP level 14. HP: 92/111 MP: 25/25
 17679 | Lair:5   | Received a gift from Okawaru
 17787 | Lair:5   | Killed a one-headed hydra
 17820 | Lair:5   | Got a flickering silver amulet
 17828 | Lair:5   | Identified the amulet of Dovvadap {rMut rN+ SInv} (You found it on level 5 of the Lair of Beasts)
 18673 | Lair:6   | Found a staircase to the Snake Pit.
 18679 | Lair:6   | Received a gift from Okawaru
 18820 | Lair:6   | Found a dark tunnel.
 18833 | Volcano  | Entered a volcano
 19925 | Lair:7   | Reached skill level 10 in Fighting
 19986 | Lair:7   | Reached skill level 10 in Armour
 20197 | Lair:7   | Found an iron altar of Okawaru.
 20516 | Lair:8   | Entered Level 8 of the Lair of Beasts
 20533 | Lair:8   | Received a gift from Okawaru
 20544 | Lair:8   | Paralysed by a potion of paralysis for 2 turns
 21035 | Lair:8   | Found a staircase to the Slime Pits.
 21162 | Lair:8   | Reached XP level 15. HP: 116/128 MP: 26/26
 21581 | Lair:8   | Received a gift from Okawaru
 22575 | D:14     | Entered Level 14 of the Dungeon
 22646 | D:14     | Reached skill level 1 in Traps
 22747 | D:14     | Noticed Nikola
 22784 | D:14     | Killed Nikola
 22952 | D:14     | HP: 6/130 [centaur warrior/arrow of flame (10)]
 22952 | D:14     | Shot with an arrow of flame by a centaur warrior

Action                   |  1- 3 |  4- 6 |  7- 9 | 10-12 | 13-15 || total
-------------------------+-------+-------+-------+-------+-------++-------
Melee: Hand axe          |    99 |   132 |       |       |       ||   231
       War axe           |       |    91 |   176 |    34 |    12 ||   313
       Battleaxe         |       |       |   103 |   524 |    54 ||   681
       Executioner's axe |       |       |       |   360 |  1197 ||  1557
       Broad axe         |       |       |       |       |    22 ||    22
 Fire: Blowgun           |       |       |    20 |       |       ||    20
Invok: Heroism           |       |       |     4 |     5 |     5 ||    14
       Finesse           |       |       |       |       |     3 ||     3
Evoke: Wand              |       |     3 |     3 |    12 |     5 ||    23
  Use: Scroll            |       |     9 |     1 |    15 |    12 ||    37
       Potion            |       |     1 |       |     1 |     7 ||     9
